AoeStats
← LoVEitx3

Arena

508709642Analyzed
2v2 RM · 8d ago on Sep 23, 2026· 70m 23s· 4 players
Game mode
Random Map
Map size
Medium (4 player)
Population
200
Speed
Normal
Resources
Standard
Victory
Conquest
Starting age
Dark Age
Ending age
Imperial Age
RankedLock teamsTeams togetherTeam positionsShared explorationLock speedFull tech treeHidden civsTurbo modeCheats
Victory
Defeat
🇨🇭 Britons · Switzerland
468
+12
🇨🇿 Turks · Czechia
433
+13
🇸🇪 Franks · Sweden
378
-13
🇸🇪 Persians · Sweden
368
-12
Stoffelevererar
0:53 Loom
13:55 Feudal Age
14:14 Double-Bit Axe
14:13 Horse Collar
14:30 Gold Mining
14:30 Stone Mining
21:46 Castle Age
22:53 Bow Saw
22:47 Heavy Plow
23:26 Stone Shaft Mining
25:03 Scale Barding Armor
25:09 Forging
27:13 Wheelbarrow
26:23 Town Watch
26:55 Masonry
28:13 Chain Barding Armor
29:36 Hand Cart
30:08 Murder Holes
30:35 Ballistics
31:55 Town Patrol
32:59 Husbandry
33:10 Bloodlines
33:54 Gold Shaft Mining
32:53 Elite Skirmisher
38:29 Imperial Age
37:41 Iron Casting
37:07 Scale Mail Armor
37:08 Padded Archer Armor
36:59 Fletching
39:23 Citadels
39:52 Hoardings
39:38 Conscription
40:03 Crop Rotation
40:37 Two-Man Saw
40:49 Chemistry
41:03 Thumb Ring
42:11 Architecture
42:50 Blast Furnace
42:26 Plate Barding Armor
42:07 Chain Mail Armor
42:05 Crossbowman
45:07 Elite War Elephant
46:27 Caravan
47:15 Plate Mail Armor
47:00 Leather Archer Armor
48:22 Kamandaran
48:30 Kamandaran
49:57 Ring Archer Armor
49:23 Bodkin Arrow
49:46 Cavalier
53:02 Savar
56:19 Parthian Tactics
56:25 Heavy Camel Rider
59:00 Light Cavalry
lyckeB
0:50 Loom
11:27 Feudal Age
12:48 Wheelbarrow
12:19 Double-Bit Axe
20:04 Castle Age
18:10 Stone Mining
21:18 Hand Cart
25:11 Bow Saw
25:19 Gold Mining
30:56 Caravan
31:38 Ordonnance Companies
33:05 Gold Shaft Mining
34:33 Coinage
35:14 Pikeman
40:29 Imperial Age
38:43 Scale Barding Armor
38:52 Forging
40:52 Cavalier
41:01 Elite Throwing Axeman
43:52 Chivalry
45:24 Chemistry
47:01 Ballistics
49:41 Paladin
52:16 Banking
60:53 Conscription
LoVEitx3
9:32 Feudal Age
10:08 Double-Bit Axe
11:32 Gold Mining
13:32 Horse Collar
15:05 Stone Mining
20:53 Castle Age
23:41 Bow Saw
24:04 Heavy Plow
25:13 Gold Shaft Mining
25:11 Padded Archer Armor
26:29 Wheelbarrow
26:14 Crossbowman
29:58 Yeomen
35:56 Caravan
38:47 Imperial Age
37:00 Leather Archer Armor
40:28 Two-Man Saw
40:45 Elite Longbowman
41:37 Fletching
43:28 Arbalester
45:50 Ring Archer Armor
52:31 Hoardings
52:17 Conscription
53:19 Chemistry
52:25 Warwolf
55:42 Fortified Wall
58:00 Bodkin Arrow
58:26 Hand Cart
61:11 Ballistics
67:38 Bracer
FosterWig
0:46 Loom
15:35 Feudal Age
20:09 Castle Age
18:28 Stone Mining
18:34 Horse Collar
19:21 Double-Bit Axe
20:59 Heavy Plow
21:13 Bow Saw
22:48 Wheelbarrow
24:47 Hand Cart
25:17 Gold Mining
26:34 Caravan
27:54 Gold Shaft Mining
33:06 Imperial Age
38:39 Two-Man Saw
38:53 Elite Janissary
41:05 Artillery
Connection lost

Rejoining the realm…

Still unreachable

The connection could not be restored.

Session expired

The server has moved on; the page needs a fresh start.